 Dungeon Crawl Stone Soup version 0.31-a0-198-g2ad674f65e (webtiles) character file.

Game seed: 17372278689710856676

40 qw the Shooter (level 3, -2/20 HPs)
             Began as a Deep Elf Hunter on June 25, 2023.
             Slain by a jackal (3 damage)
             ... on level 2 of the Dungeon.
             The game lasted 00:00:22 (812 turns).

qw the Shooter (Deep Elf Hunter)                     Turns: 812, Time: 00:00:22

Health: -2/20      AC:  9    Str: 10    XL:     3   Next: 30%
Magic:  5/5        EV:  8    Int: 13    God:
Gold:   5          SH:  0    Dex: 18    Spells: 2/2 levels left

rFire   x . .        Y - +0 shortbow
rCold   + + .        (shield currently unavailable)
rNeg    . . .        g - +0 ice dragon scales
rPois   .            (no helmet)
rElec   .            (no cloak)
rCorr   .            (no gloves)
SInv    .            (no boots)
Will    .....        (no amulet) Stlth
                     (no ring)
HPRegen 0.23/turn    (no ring)
MPRegen 0.09/turn

%: no passive effects
@: no status effects
A: no striking features
a: no special abilities


You were on level 2 of the Dungeon.
You visited 1 branch of the dungeon, and saw 2 of its levels.

You collected 5 gold pieces.


   Skills:
 - Level 1.5 Fighting
 + Level 6.4 Ranged Weapons
 - Level 1.1 Armour
 - Level 2.4 Dodging
 - Level 1.2 Stealth


You had 2 spell levels left.
You didn't know any spells.
Your spell library was empty.

Inventory:

Hand Weapons
 Y - a +0 shortbow (weapon)
Armour
 a - a +0 scale mail
 c - a +0 leather armour
 g - +0 ice dragon scales (worn)
Scrolls
 b - a scroll of enchant weapon {unknown}
 i - a scroll of identify
Potions
 h - a potion of attraction {unknown}

Dungeon Overview and Level Annotations

Branches:
Dungeon (2/15)

Altars:


Message History

The jackal bites you.
The jackal bites you but does no damage.
You shoot an arrow. The arrow closely misses the jackal.
The arrow hits the jackal!
You kill the jackal!
The jackal bites you but does no damage. x2
The jackal barely misses you.
The jackal bites you but does no damage.
You shoot an arrow. The arrow closely misses the jackal.
The jackal closely misses you. The jackal barely misses you.
The jackal bites you but does no damage.
The jackal barely misses you.
You shoot an arrow. The arrow hits the jackal.
You kill the jackal!
The jackal closely misses you.
The jackal bites you but does no damage.
You shoot an arrow. The arrow hits the worm!
The worm is moderately wounded.
The jackal bites you. The worm completely misses you.
The jackal bites you but does no damage.
You shoot an arrow. The arrow hits the worm.
The worm is heavily wounded.
The jackal bites you. The jackal barely misses you. The worm bites you!
You shoot an arrow. The arrow hits the worm.
The worm is severely wounded.
The jackal bites you.
The jackal bites you but does no damage.
The worm bites you but does no damage.
You shoot an arrow. The arrow hits the worm.
The worm is severely wounded.
The jackal barely misses you.
The jackal bites you but does no damage.
The worm bites you.
You shoot an arrow. The arrow hits the worm.
The worm is almost dead.
The jackal bites you.
The jackal bites you but does no damage.
You shoot an arrow. The arrow barely misses the worm.
The jackal closely misses you. The worm bites you. The jackal bites you.
You die...

#............... .......
#..............##.......
#..............#........
........................
............#..#......[.
........%...............
................h%..<...
......)%...##.#.@w......
.^.###..##.##...#.......
...#%...##....####......
...#...###..#.# ##.$..
##...####..##.# ...
...........##.# ..
.....#####.##.# . ....##
#.##.# ###.# #.##.#


You could see a worm and a jackal.

Vanquished Creatures
  An adder (D:2)
  A worm (D:2)
  A dart slug (D:2)
  5 ball pythons
  2 endoplasms
  4 giant cockroaches
  2 hobgoblins (D:1)
  2 jackals (D:2)
  2 bats (D:2)
  A frilled lizard (D:1)
  A goblin (D:1)
  2 kobolds
  2 rats (D:1)
26 creatures vanquished.

Notes
Turn   | Place    | Note
-------+----------+-------------------------------------------
     0 | D:1      | qw the Deep Elf Hunter began the quest for the Orb.
     0 | D:1      | Reached XP level 1. HP: 12/12 MP: 3/3
     0 | D:1      | 0 ||| qw: Version: 0.3-a-22-g0ed2b0b
     0 | D:1      | 0 ||| qw: Game counter: 5357
     0 | D:1      | 0 ||| qw: Melee chars always use a shield: true
     0 | D:1      | 0 ||| qw: God list: Okawaru
     0 | D:1      | 0 ||| qw: Allow faded altars: false
     0 | D:1      | 0 ||| qw: Do Orc after clearing Dungeon:15 true
     0 | D:1      | 0 ||| qw: Do second Lair branch before Depths: true
     0 | D:1      | 0 ||| qw: Lair rune preference: random
     0 | D:1      | 0 ||| qw: Goals: Normal
     0 | D:1      | 0 ||| PLANNING D:1-11
   241 | D:1      | Reached XP level 2. HP: 16/16 MP: 4/4
   261 | D:1      | Reached skill level 6 in Ranged Weapons
   406 | D:1      | Found a faded altar of an unknown god.
   529 | D:1      | 529 ||| UPGRADING to +0 ice dragon scales.
   539 | D:1      | 539 ||| READING 3 scrolls labelled EXEILICEHI.
   540 | D:1      | 540 ||| READING scroll labelled UNLATE KIUTRUNN.
   541 | D:1      | 541 ||| READING 2 scrolls labelled BELUDE KIETOW.
   542 | D:1      | 542 ||| DRINKING 3 viscous green potions.
   591 | D:1      | 591 ||| DROPPING 2 scrolls of vulnerability.
   592 | D:1      | 592 ||| DROPPING scroll of butterflies.
   593 | D:1      | 593 ||| DROPPING 2 potions of lignification.
   683 | D:2      | Reached skill level 1 in Armour
   683 | D:2      | Reached XP level 3. HP: 8/20 MP: 5/5
   686 | D:2      | HP: 5/20 [poisoned by an adder]
   705 | D:2      | 705 ||| FLEEEEING.
   811 | D:2      | HP: 5/20 [jackal (3)]
   812 | D:2      | HP: 1/20 [worm (4)]
   812 | D:2      | Slain by a jackal

Levels and vault maps discovered:
D:1:      tarquinn_simple_flora_water_f, layout_basic,
          hellmonk_ecumenical_altar_leap_of_faith
D:2:      layout_rooms

Skill      XL: |  1  2 |
---------------+-------+-----
Ranged Weapons | 6 |  6.4
Armour         | 1 |  1.1
Fighting       | |  1.5
Dodging        | |  2.4
Stealth        | |  1.2

Action                     || total
---------------------------++-------
   Fire: Shortbow          ||    84
    Use: Scroll            ||     3
         Potion            ||     1
 Armour: Ice dragon scales ||    35
  Dodge: Dodged            ||    28

Table legend:
 A = Non-vault XP
 B = Vault XP
 C = Vault XP percentage of total XP
 D = Non-vault monster count
 E = Vault monster count
 F = Vault count percentage of total count
                 A         B        C        D         E       F
            +---------+---------+-------+---------+---------+-------
      Total |      58 |       0 |   0.0 |      26 |       0 |   0.0
            +---------+---------+-------+---------+---------+-------
        D:1 |      22 |       0 |   0.0 |      15 |       0 |   0.0
        D:2 |      36 |       0 |   0.0 |      11 |       0 |   0.0
            +---------+---------+-------+---------+---------+-------
